Mecha, lawful female human Samurai ------ .....--- --- --- .... . ---.---.--- --- ...-.-- |.........----..| ---.....----- |...............| .............. --.--.......----- ---.........--- -----......-- |............)| ----- |)......| - |......[)(..--- --...| |)|....-- |.....-<......| --....-- ---.|-...| |......%....|d--- |....... --.))--^--- ---......--.|@d ----^-..... # ........| ---.....|.Gd-............-..-.......| --....|-.....|.--.......0.........| ---.----....|^|---........-......-- --- ---.--.| ----### ##.......| |....-- 0 0 #.-.....| ---...| #|....--- |...| # -..-- ----- ---- Mecha the Kunoichi Experience level: 7 Strength: 18 Dexterity: 14 Constitution: 18 Intelligence: 9 Wisdom: 9 Charisma: 7 Health: 0(67) Energy: 25(30) AC: 4 Gold: 184 Moves: 1658 Your Inventory: Coins $ - 184 gold pieces Weapons a - an uncursed +0 katana b - an uncursed +3 wakizashi (alternate weapon; not wielded) c - an uncursed +0 yumi d - 36 uncursed +0 ya n - 5 [uncursed +1] arrows C - 9 [cursed -1] arrows (in quiver) D - 11 [uncursed +0] arrows Armor e - an uncursed rustproof +0 splint mail (being worn) q - an [uncursed +0] dwarvish cloak A - a [cursed] rotted [+0] piece of cloth [cloak of magic resistance] Comestibles f - an [uncursed] gunyoki i - an [uncursed] lembas wafer Scrolls v - 3 [uncursed] unlabeled scrolls [of blank paper] y - a [cursed] scroll labeled KIRJE [of destroy armor] Potions F - an [uncursed] swirly potion [of object detection] Wands h - an [uncursed] wand of polymorph [0:4] s - an [uncursed] wand of striking [0:6] x - a [cursed] wand called makes engraving vanish [of teleportation (0:6)] Tools j - 6 [uncursed tallow] candles p - an [uncursed] leash t - an [uncursed wax] candle B - a cursed [+0] pick-axe (weapon in hand) Gems k - an [uncursed] yellow gem [worthless glass] m - an [uncursed] green gem [worthless glass] o - an [uncursed] white gem [diamond] r - an [uncursed] violet gem [worthless glass] w - an [uncursed] black gem [worthless glass] E - an [uncursed] red gem [worthless glass] Spells known in the end: Name Level Category Fail Memory Your skills at the end: Fighting Skills martial arts [Basic / Master] Weapon Skills short sword [Basic / Expert] long sword [Basic / Expert] bow [Basic / Expert] Spellcasting Skills Final Attributes: You were devoutly aligned. Hunger level was 751. Your alignment was 18 / 18. Monster difficulty range was 0 - 5. Level difficulty was 4. You were fast. Your luck was zero. You are dead. Vanquished creatures: a gnome king a housecat 2 rock moles 3 gnome lords a gnomish wizard 2 elf zombies a paper golem a dwarf a werejackal an acid blob a hobbit 2 green molds 14 gnomes 6 garter snakes a gecko 2 jackals a fox 2 kobolds 2 sewer rats 4 grid bugs 2 lichens a kobold zombie 3 newts 55 creatures vanquished. Voluntary challenges: You used a wielded weapon 75 times. You read items or engraved 3 times. You put on armor 3 times. You never genocided any monsters. You never polymorphed an object. You never changed form. You used no wishes. You wrote Elbereth's name 2 times. You encountered 1 bones level. You never used any Sokoban shortcuts. Dungeon overview: The Dungeons of Doom: levels 1 to 2 Level 1 some fountains a long staircase Level 2 a delicatessen, a fountain stairs to The Gnomish Mines The Gnomish Mines: levels 3 to 4 Level 3 stairs to The Dungeons of Doom Level 4 <- You were here History has recorded: On T:1 you entered the Dungeons of Doom to retrieve the Amulet of Yendor! On T:582 you advanced to experience level 2. On T:588 you reached level 2 of The Dungeons of Doom. On T:936 you reached level 1 of The Gnomish Mines. On T:941 you advanced to experience level 3. On T:950 you advanced to experience level 4. On T:1027 you advanced to experience level 5. On T:1240 you advanced to experience level 6. On T:1456 you reached level 2 of The Gnomish Mines. On T:1574 you advanced to experience level 7. Latest messages: You finish your prayer. You feel that Amaterasu Omikami is well-pleased. [3 turns] The wand hits the werejackal! You kill the werejackal! The jackal misses. The jackal bites! (2x) [HP-2=18] You hit the jackal. The jackal bites! (4x) [HP-6=12] You miss the jackal. The jackal bites! (4x) [HP-8=4] You kill the jackal! You miss the jackal. The jackal bites! (3x) [HP-3=1] You miss the gnome. The jackal misses. The jackal bites! You die... Final status: Sayonara Mecha the Samurai... You died in The Gnomish Mines on dungeon level 4 with 420 points, and 184 pieces of gold, after 1658 moves. You were level 7 with a maximum of 67 hit points when you died.